 Dungeon Crawl Stone Soup version 0.28-a0-1002-gf00fe891ef (webtiles) character file.

Game seed: 18445259953989598231

441 miscthings the Vexing (level 7, -1/36 HPs)
             Began as a Kobold Enchanter on Dec 7, 2021.
             Was an Initiate of Ashenzari.
             Succumbed to Edmund's poison
             ... on level 4 of the Dungeon.
             The game lasted 00:08:53 (5343 turns).

miscthings the Vexing (Kobold Enchanter)            Turns: 5343, Time: 00:08:54

Health: -1/36      AC:  2    Str:  5    XL:     7   Next: 22%
Magic:  11/13      EV: 15    Int: 16    God:    Ashenzari [......]
Gold:   86         SH:  0    Dex: 18    Spells: 10/15 levels left

rFire   . . .      SeeInvis .   i - +1 dagger (venom)
rCold   . . .      Faith    .   (shield restricted)
rNeg    . . .      Spirit   .   b - +0 robe
rPois   .          Reflect  .   (no helmet)
rElec   .          Harm     .   (no cloak)
rCorr   .          Rampage  .   (no gloves)
Will    .....                   (no boots)
Stlth   ++++......              (no amulet)
HPRegen 0.12/turn               (no ring)
MPRegen 0.13/turn               (no ring)

@: lethally poisoned (-1 -> -34), attractive
A: small, no large weapons, nightstalker 3
a: Renounce Religion


You were on level 4 of the Dungeon.
You worshipped Ashenzari.
Ashenzari was noncommittal.
You visited 2 branches of the dungeon, and saw 5 of its levels.
You also visited: Sewer.

You collected 129 gold pieces.
You spent 43 gold pieces at shops.

Inventory:

Hand Weapons
 i - a +1 dagger of venom (weapon)
Armour
 b - a +0 robe (worn)
Scrolls
 a - a scroll of teleportation
 d - 2 scrolls of identify {unknown}
 f - a scroll of immolation {unknown}
 g - a scroll of amnesia {unknown}
 h - a scroll of fog {unknown}
 j - a scroll of blinking {unknown}
Potions
 c - 2 potions of attraction
 e - a potion of degeneration {unknown}
 k - a potion of curing {unknown}
 l - a potion of berserk rage {unknown}


   Skills:
 + Level 3.2 Short Blades
 - Level 2.4 Dodging
 - Level 4.0 Stealth
 - Level 4.5 Spellcasting
 - Level 6.0 Hexes


You had 10 spell levels left.
You knew the following spells:

 Your Spells              Type           Power      Damage    Failure   Level
a - Ensorcelled Hibernat  Hex/Ice        26%        N/A       7%          2
e - Confusing Touch       Hex            23%        N/A       4%          3

Your spell library contained the following spells:

 Spells                   Type           Power      Damage    Failure   Level
 Slow                     Hex            92%        N/A       1%          1
 Tukima's Dance           Hex            23%        N/A       4%          3
 Dazzling Flash           Conj/Hex       26%        N/A       14%         3
 Animate Skeleton         Necr           6%         N/A       16%         1
 Pain                     Necr           12%        1d4       16%         1
 Vampiric Draining        Necr           3%         2d6       43%         3


Dungeon Overview and Level Annotations

Branches:
Dungeon (4/15)             Temple (1/1) D:4           Sewer (visited)

Altars:
Ashenzari
Dithmenos
Gozag
Hepliaklqana
Makhleb
Nemelex Xobeh
Ru
Zin
The Shining One

Shops:
D:3 (*??

Annotations:
D:3 2 transporters, leviel's ghost, amateur OpFi
D:4 3 runed translucent doors, AmazingEquinox's ghost, amateur HOFi; Edmund


Innate Abilities, Weirdness & Mutations

You are small and have problems with some larger weapons.
You are completely attuned to the shadows.


Message History

The wyvern skeleton bites you!
Casting: Ensorcelled Hibernation (safe; 7% risk of failure)
Confirm with . or Enter, or press ? or * to list all spells.
Your hands begin to glow red.
Press: ? - help, v - describe, . - travel
Here: Edmund, wielding a +2 flail of venom and wearing a +0 scale mail (chance to confuse on hit: 52%)
The floor.
Unknown command.
You barely miss Edmund. You hit Edmund but do no damage.
Edmund appears confused.
Edmund hits the wyvern skeleton with a +2 flail of venom!
You strike the helpless Edmund from behind!
You puncture Edmund!
Edmund is poisoned.
Edmund is moderately wounded.
Edmund closely misses you.
You hit Edmund but do no damage.
Edmund is moderately wounded.
You hit Edmund but do no damage.
Edmund looks as sick as possible!
Edmund is moderately wounded.
You hit Edmund but do no damage.
Edmund looks as sick as possible!
Edmund is moderately wounded.
You hit Edmund.
Edmund is heavily wounded.
Edmund completely misses you.
You hit Edmund but do no damage.
Edmund is heavily wounded.
Edmund hits you with a +2 flail of venom.
You hit Edmund but do no damage.
Edmund looks as sick as possible!
Edmund is heavily wounded.
Edmund hits you with a +2 flail of venom.
You are poisoned.
You hit Edmund but do no damage.
Edmund is severely wounded.
You feel very sick.
Edmund hits you with a +2 flail of venom!
* * * LOW HITPOINT WARNING * * *
You are more poisoned.
It was a potion of attraction.
You feel attractive to monsters.
You die...

... ../ #Z#
#@# #@# ##'##
##...##
##....>#
##.......#
.####.........
....'......(..
.####....<....
##.......#


You could see Edmund (confused, extremely poisoned) and a wyvern skeleton.

Vanquished Creatures
  2 bullfrogs (Sewer)
  Natasha (thrice) (D:2)
  An orc wizard (D:2)
  6 adders
  2 river rats (D:3)
  3 dart slugs
  2 orcs (D:2)
  2 bats
  10 endoplasms
  22 giant cockroaches
  11 goblins
  9 hobgoblins
  2 jackals (D:1)
  9 quokkas (Sewer)
  13 ball pythons
  17 frilled lizards
  4 kobolds
  9 rats
127 creatures vanquished.

Notes
Turn   | Place    | Note
-------+----------+-------------------------------------------
     0 | D:1      | miscthings the Kobold Enchanter began the quest for the
                  | Orb.
     0 | D:1      | Reached XP level 1. HP: 10/10 MP: 3/3
   371 | D:1      | Reached XP level 2. HP: 15/15 MP: 5/5
   374 | D:1      | Learned a level 2 spell: Ensorcelled Hibernation
   673 | D:1      | Found a faded altar of an unknown god.
   809 | D:1      | Reached XP level 3. HP: 19/19 MP: 6/6
  1260 | D:2      | Noticed Natasha
  1262 | D:2      | Killed Natasha
  1263 | D:2      | Reached skill level 4 in Hexes
  1263 | D:2      | Reached XP level 4. HP: 24/24 MP: 4/8
  1379 | D:2      | Learned a level 3 spell: Confusing Touch
  1821 | D:2      | Noticed Natasha
  1868 | D:2      | Reached XP level 5. HP: 19/28 MP: 0/9
  2200 | D:2      | Killed Natasha
  2201 | D:2      | Reached skill level 5 in Hexes
  2333 | D:2      | Noticed Natasha
  2367 | D:2      | Killed Natasha
  2484 | D:3      | Found a transporter.
  2522 | D:3      | Found Gorifug's Weapon Shop.
  2593 | D:3      | Found Jefihemn's General Store.
  2671 | D:3      | Found Horch's Magic Scroll Shoppe.
  2679 | D:3      | Bought a scroll of teleportation for 33 gold pieces
  2768 | D:3      | Reached XP level 6. HP: 23/32 MP: 6/11
  2774 | D:3      | Found a glowing drain.
  2866 | Sewer    | Entered a sewer
  3967 | Sewer    | Reached skill level 6 in Hexes
  3967 | Sewer    | Reached XP level 7. HP: 33/36 MP: 6/13
  4318 | D:3      | Found Doyguat's Magic Scroll Emporium.
  4323 | D:3      | Bought a scroll of noise for 10 gold pieces
  4440 | D:3      | Found a transporter.
  4440 | D:3      | Noticed leviel's ghost (amateur OpFi)
  4690 | D:3      | Found a glowing golden altar of the Shining One.
  4875 | D:4      | Found a runed translucent gate.
  4876 | D:4      | Found a runed translucent gate.
  4877 | D:4      | Found a runed translucent gate.
  4889 | D:4      | Noticed AmazingEquinox's ghost (amateur HOFi)
  4968 | D:4      | Found a staircase to the Ecumenical Temple.
  4975 | Temple   | Entered the Ecumenical Temple
  5159 | Temple   | Became a worshipper of Ashenzari the Shackled
  5330 | D:4      | Noticed Edmund
  5343 | D:4      | Succumbed to Edmund's poison

Illustrated notes

Levels and vault maps discovered:
D:1:      psy_arrival_whirlpool, layout_loops_cross,
          hellmonk_ecumenical_altar_inner_sanctum
D:2:      wander_river, layout_loops_ring, uniq_natasha
D:3:      layout_loops_cross, lemuel_tele_altar, serial_shops,
          nicolae_shop_bloodbath_and_beyond, shop, shop, nicolae_shop_crystal,
          portal_sewer_entry_e, gammafunk_ghost_mausoleum, minmay_goblin_outpost
D:4:      layout_loops_corners, minmay_temple_entry_sparse_star,
          biasface_ghost_orc_armoury, uniq_edmund
Temple:   minmay_temple_curvy_branch

Skill      XL: |  1  2  3  4  5  6  7 |
---------------+----------------------+-----
Hexes          | 4 5 6 |  6.0
Spellcasting   | 3 4 |  4.5
Short Blades   | 3 |  3.2
Dodging        | |  2.4
Stealth        | |  4.0

Action                   |  1- 3 |  4- 6 |  7- 9 || total
-------------------------+-------+-------+-------++-------
Melee: Dagger            |    45 |   277 |    45 ||   367
 Cast: Ensorcelled Hiber |     2 |    19 |     1 ||    22
       Confusing Touch   |       |       |     1 ||     1
  Use: Potion            |       |     1 |     1 ||     2
 Stab: Sleeping          |    16 |    28 |     4 ||    48
       Confused          |       |       |     1 ||     1
Armor: Robe              |       |    24 |     3 ||    27
Dodge: Dodged            |    12 |   219 |    16 ||   247

Table legend: (Time is in decaauts)
 A = Elapsed time spent in this place.
 B = Non-inter-level travel time spent in this place.
 C = Inter-level travel time spent in this place.
 D = Time resting spent in this place.
 E = Time spent auto-exploring this place.
 F = Levels seen in this place.
 G = Mean time per level.
                   A        B        C        D        E       F      G
               +--------+--------+--------+--------+--------+-----+--------+
         Total |   5437 |   5026 |    411 |   1466 |   2460 |   6 |  906.2 |
       Dungeon |   3839 |   3466 |    373 |    560 |   2246 |   4 |  959.8 |
        Temple |    195 |    157 |     38 |      0 |    154 |   1 |  195.0 |
         Sewer |   1401 |   1401 |      0 |    906 |     60 |   1 | 1401.0 |
               +--------+--------+--------+--------+--------+-----+--------+

Top non-repeatable levels by time:
     D:2: 1549 daAuts
   Sewer: 1401 daAuts
     D:3: 985 daAuts
     D:1: 906 daAuts
     D:4: 399 daAuts
  Temple: 195 daAuts
